 Dungeon Crawl Stone Soup version 0.18.1-6-gd335043 (webtiles) character file.

265 M4edhros the Chopper (level 5, -7/45 HPs)
             Began as a Minotaur Berserker on May 20, 2016.
             Was a Follower of Trog.
             Mangled by no0bjke's ghost (8 damage)
             ... on level 4 of the Dungeon.
             The game lasted 00:01:58 (500 turns).

M4edhros the Chopper (Minotaur Berserker)            Turns: 500, Time: 00:01:59

Health: -7/45      AC: 12    Str: 26    XL:     5   Next: 99%
Magic:  4/4        EV:  5    Int:  4    God:    Trog [*.....]
Gold:   68         SH: 12    Dex: 11    Spells: 0 memorised, 4 levels left

rFire  . . .     SeeInvis .     a - +0 hand axe
rCold  . . .     Gourm    .     i - +0 plate armour {rN+}
rNeg   + . .     Faith    .     h - +2 shield
rPois  .         Spirit   .     (helmet restricted)
rElec  .         Dismiss  .     (no cloak)
rCorr  .         Reflect  .     j - +0 pair of gloves (curse)
SustAt .         Harm     .     (no boots)
MR     .....                    (no amulet)
Stlth  ..........               (no ring)
                                (no ring)

@: mighty, exhausted, slowed, very slow, not resistant to hostile enchantments,
extremely unstealthy
A: retaliatory headbutt, horns 2
a: Berserk, Burn Spellbooks, Renounce Religion


You were on level 4 of the Dungeon.
You worshipped Trog.
Trog was aware of your devotion.
You were very hungry.

You visited 1 branch of the dungeon, and saw 4 of its levels.

You collected 68 gold pieces.

Inventory:

Hand Weapons
 a - a +0 hand axe (weapon)
Missiles
 n - 4 tomahawks (quivered)
Armour
 b - a +0 animal skin
 h - a +2 shield (worn)
 i - a +0 plate armour of positive energy (worn)
 j - a cursed +0 pair of gloves (worn)
Scrolls
 e - a scroll of teleportation {unknown}
 k - a scroll of recharging {unknown}
 o - 4 scrolls of enchant weapon {unknown}
Potions
 l - a potion of might
 m - 2 potions of ambrosia {unknown}
Comestibles
 c - 2 bread rations
 d - a beef jerky
 p - 3 chunks of flesh


   Skills:
 - Level 3.6 Fighting
 + Level 6.4 Axes
 - Level 2.4 Armour
 - Level 2.1 Dodging
 + Level 4.7 Shields


You had 4 spell levels left.
You didn't know any spells.

Dungeon Overview and Level Annotations

Branches:
Dungeon (4/15)
 Temple: D:4-7

Altars:

Annotations:
D:4 no0bjke's ghost, novice GrFi


Innate Abilities, Weirdness & Mutations

You reflexively headbutt those who attack you in melee.
You have a pair of horns on your head.


Message History

You are feeling very hungry.
You hit no0bjke's ghost but do no damage.
You headbutt no0bjke's ghost, but do no damage.
No0bjke's ghost is severely damaged.
No0bjke's ghost barely misses you.
You barely miss no0bjke's ghost. You headbutt no0bjke's ghost.
No0bjke's ghost is almost destroyed.
You miss the crimson imp. You block no0bjke's ghost's attack.
The crimson imp hits you.
* * * LOW HITPOINT WARNING * * *
No0bjke's ghost says, "You can hit me, but you can't hurt me."
You block no0bjke's ghost's attack. The crimson imp barely misses you.
You barely miss no0bjke's ghost.
No0bjke's ghost is severely damaged.
You slash the crimson imp!
The crimson imp is almost dead.
You block no0bjke's ghost's attack.
The crimson imp hits you but does no damage.
No0bjke's ghost hits you!
You die...

#?..... ...
#...... ..
#..... #..
#..... .. #.....
.# #.....#. ##
#......## ..
#.....@.# #. .##
#....5#W### ##..
..
#.....#...###..
#...(.###..##.#
###### ##.##.#
####
#....######...
###.........##
#..........##
.....#..#####..#


You could see no0bjke's ghost and a crimson imp.

Vanquished Creatures
  The ghost of Tux the Ruffian, an amateur VSMo (D:3)
  An ogre (D:4)
  A hound (D:4)
  3 adders
  An ooze (D:4)
  2 giant geckos
  2 giant cockroaches
  2 goblins
  4 jackals (D:1)
  A kobold (D:2)
  A giant newt (D:2)
  3 rats
22 creatures vanquished.

Notes
Turn   | Place    | Note
--------------------------------------------------------------
     0 | D:1      | M4edhros the Minotaur Berserker began the quest for the Orb.
     0 | D:1      | Reached XP level 1. HP: 19/19 MP: 0/0
   103 | D:1      | Reached skill level 1 in Shields
   108 | D:1      | Reached skill level 4 in Axes
   121 | D:1      | Reached XP level 2. HP: 22/26 MP: 1/1
   333 | D:3      | Noticed Tux's ghost (amateur VSMo)
   341 | D:3      | Killed Tux's ghost
   341 | D:3      | Reached skill level 5 in Axes
   341 | D:3      | Reached XP level 3. HP: 31/31 MP: 2/2
   341 | D:3      | Reached XP level 4. HP: 39/39 MP: 3/3
   400 | D:3      | Reached XP level 5. HP: 35/45 MP: 4/4
   417 | D:4      | Noticed an ogre
   423 | D:4      | Killed an ogre
   423 | D:4      | Reached skill level 6 in Axes
   459 | D:4      | Noticed no0bjke's ghost (novice GrFi)
   494 | D:4      | HP: 1/45 [no0bjke's ghost (2)]
   499 | D:4      | HP: 1/45 [crimson imp (2)]
   500 | D:4      | Mangled by no0bjke's ghost

Skill      XL: |  1  2  3  4  5 |
---------------+----------------+-----
Shields        | 1 3 4 |  4.7
Axes           | 4 5 6 |  6.4
Fighting       | |  3.6
Armour         | |  2.4
Dodging        | |  2.1

Action                   |  1- 3 |  4- 6 || total
-------------------------+-------+-------++-------
Melee: Hand axe          |    53 |    59 ||   112
       Headbutt          |     7 |    11 ||    18
Invok: Berserk           |     1 |     2 ||     3
  Use: Potion            |       |     3 ||     3
  Eat: Chunk             |       |     1 ||     1
Armor: Animal skin       |     4 |       ||     4
       Plate armour      |    25 |    31 ||    56
Dodge: Dodged            |    11 |     9 ||    20
Block: Shield            |    25 |    47 ||    72
